Map: Magannatha LE

Players

Etherodox

  • Race: Terran Terran
  • League: Master
  • Spawn Location: 5:00

iojy - Winner!

  • Race: Zerg Zerg
  • Spawn Location: 11:00

VOD

Have the link to the VOD?

Description

Time

  • Played on: Sept. 5, 2025, 2 p.m.
  • Length: 9:42
Show
View Real Time Build Order
Export as new Build Order

Etherodox Terran 

Build Orders: Reaper Expand 

Get SALT Encoding   

  12  0:04  SCV  
  13  0:16  SCV  
  13  0:21  Supply Depot  
  14  0:29  SCV  
  15  0:42  Refinery  
  15  0:44  Barracks  
  15  0:45  SCV  
  16  0:58  SCV  
  17  1:10  SCV  
  18  1:22  SCV  
  19  1:35  Command Center  
  19  1:38  Reaper  
  20  1:48  Orbital Command  
  20  1:55  Supply Depot  
  20  2:09  Marine  
  20  2:14  Factory, SCV  
  22  2:27  SCV  
  23  2:32  Barracks Tech Lab  
  23  2:39  SCV  
  23  2:42  Refinery  
  24  2:51  SCV  
  25  3:02  Barracks Reactor  
  25  3:03  SCV  
  26  3:06  Barracks  
  26  3:12  Orbital Command  
  26  3:15  SCV  
  26  3:17  Siege Tank  
  30  3:27  SCV  
  31  3:39  Supply Depot  
  31  3:42  SCV x2  
  31  3:45  Supply Depot  
  33  3:53  Marine x3  
  33  3:54  SCV x2  
  38  4:06  SCV x2  
  38  4:07  Siege Tank  
  42  4:11  Marine x2  
  42  4:13  Bunker  
  42  4:15  Supply Depot  
  42  4:16  Barracks Tech Lab  
  44  4:23  Starport, SCV x2  
  45  4:29  Marine  
  46  4:33  Supply Depot  
  46  4:35  SCV x2  
  46  4:37  Stimpack  
  49  4:40  Marauder  
  50  4:57  SCV, Command Center  
  50  4:58  Refinery  
  50  4:59  SCV  
  52  5:04  Marauder  
  54  5:11  Supply Depot  
  54  5:13  Supply Depot  
  54  5:14  SCV  
  55  5:15  SCV  
  56  5:21  Starport Reactor  
  56  5:24  Marine  
  56  5:25  Marine  
  56  5:26  SCV  
  56  5:27  SCV  
  60  5:36  Supply Depot x2  
  60  5:37  Refinery  
  60  5:38  SCV  
  60  5:39  SCV  
  60  5:40  Siege Tank  
  60  5:42  Marine  
  66  5:43  Marine  
  66  5:48  Marauder  
  69  5:52  SCV x2  
  71  5:57  Medivac x2  
  71  6:00  Marine  
  71  6:01  Marine  
  71  6:04  SCV  
  78  6:08  SCV  
  78  6:09  Marine  
  80  6:13  Orbital Command  
  80  6:16  SCV  
  80  6:18  Marine  
  82  6:20  SCV  
  82  6:22  Marine  
  82  6:24  Siege Tank  
  87  6:27  Marine  
  87  6:28  SCV  
  87  6:32  SCV  
  90  6:34  Combat Shield  
  90  6:35  Marine  
  90  6:39  Engineering Bay  
  91  6:40  SCV  
  91  6:43  Supply Depot  
  91  6:44  SCV  
  91  6:46  Marine, Supply Depot  
  94  6:48  Medivac  
  85  7:05  Marine  
  85  7:06  Marine x2  
  88  7:15  Factory Reactor  
  88  7:19  SCV x2  
  90  7:23  Marine, Liberator x2  
  90  7:24  Marine x2  
  99  7:30  Terran Infantry Weapons Level 1  
  99  7:31  SCV x2  
  99  7:35  Engineering Bay  
  101  7:39  Orbital Command  
  102  7:44  Marine, SCV x2  
  102  7:45  Marine, Marauder  
  107  8:06  Marauder  
  109  8:15  Marine  
  109  8:17  Supply Depot  
  111  8:27  SCV x2  
  111  8:28  Marauder, SCV  
  111  8:32  Refinery x2  
  115  8:39  SCV x2  
  115  8:40  Widow Mine, SCV  
  122  8:41  Widow Mine  
  122  8:44  Factory  
  122  8:46  Command Center  
  117  8:50  Refinery  
  117  8:51  SCV x2  
  117  8:52  Refinery  
  116  9:02  Widow Mine  
  104  9:15  Missile Turret  
  104  9:16  Missile Turret  
  100  9:21  Missile Turret  
Show
View Real Time Build Order
Export as new Build Order

iojy Zerg - Winner!

Build Orders: Hatch First 

Get SALT Encoding   

  12  0:01  Drone  
  13  0:12  Overlord  
  13  0:16  Drone  
  14  0:31  Drone  
  14  0:32  Drone  
  14  0:34  Drone  
  17  0:51  Hatchery  
  17  0:52  Drone  
  17  0:56  Drone  
  18  1:07  Extractor  
  18  1:10  Spawning Pool  
  16  1:13  Drone  
  17  1:25  Drone  
  18  1:31  Drone  
  19  1:44  Overlord  
  19  1:54  Drone  
  19  1:58  Queen  
  22  2:02  Drone  
  22  2:05  Queen  
  25  2:09  Drone  
  26  2:17  Zergling x4  
  26  2:22  Drone  
  29  2:24  Metabolic Boost  
  29  2:40  Queen  
  29  2:42  Hatchery  
  30  2:50  Queen  
  32  2:53  Overlord  
  32  2:55  Drone  
  33  3:00  Drone x2  
  33  3:03  Drone  
  36  3:09  Overlord  
  36  3:31  Drone  
  36  3:32  Drone x6  
  43  3:56  Overlord  
  43  3:59  Baneling Nest  
  42  4:13  Drone  
  42  4:14  Drone x10  
  51  4:25  Overlord  
  51  4:31  Drone  
  51  4:32  Drone x2  
  51  4:34  Extractor  
  51  4:38  Spore Crawler  
  52  4:41  Spore Crawler  
  52  4:42  Spore Crawler  
  52  4:44  Pneumatized Carapace  
  52  4:45  Queen  
  50  4:49  Zergling x10  
  50  4:51  Overlord  
  57  4:58  Drone  
  57  4:59  Drone x7  
  65  5:03  Drone x3  
  65  5:06  Extractor  
  67  5:07  Overlord  
  67  5:09  Drone x2, Hatchery  
  67  5:13  Drone  
  69  5:17  Lair  
  69  5:28  Drone x4  
  71  5:29  Drone x5  
  78  5:40  Extractor  
  78  5:41  Extractor  
  76  5:43  Drone x3  
  76  5:45  Evolution Chamber x2  
  76  5:47  Extractor  
  76  5:48  Drone x3  
  79  6:02  Overlord  
  79  6:06  Zergling x2  
  79  6:07  Zergling x18  
  79  6:09  Overlord  
  89  6:15  Overlord  
  89  6:21  Spire, Zerg Melee Weapons Level 1  
  89  6:22  Zerg Ground Armor Level 1  
  89  6:23  Centrifugal Hooks  
  88  6:26  Baneling x3  
  88  6:28  Baneling  
  88  6:29  Baneling  
  88  6:31  Baneling  
  88  6:32  Zergling x2  
  89  6:33  Zergling x22  
  89  6:37  Baneling x2  
  89  6:38  Baneling  
  100  6:44  Zergling x8  
  102  7:05  Overlord  
  102  7:07  Drone x3  
  102  7:08  Drone x10  
  115  7:10  Extractor  
  115  7:11  Extractor  
  113  7:20  Drone x3  
  113  7:21  Drone x3  
  113  7:22  Overlord x2  
  119  7:34  Overlord x2  
  119  7:38  Zerg Flyer Weapons Level 1  
  119  7:50  Mutalisk x9  
  119  7:51  Mutalisk  
  138  8:06  Overlord  
  138  8:10  Baneling  
  138  8:11  Baneling x6  
  138  8:21  Overlord x4  
  138  8:25  Hatchery  
  137  8:27  Infestation Pit  
  137  8:33  Zergling x8  
  137  8:34  Zergling x14  
  143  8:35  Zergling x4  
  143  8:40  Mutalisk  
  143  8:41  Mutalisk x3  
  157  8:52  Hatchery  
Tags
 
Add a new tag
Caveats
  • Supply blocks, unpowered buildings, or Contaminate may cause inaccurate times.
  • Supply counts are checked every 10 seconds.